 Dungeon Crawl Stone Soup version 0.26.0-10-g1f06aea511 (webtiles) character file.

Game seed: 17259657845416752296

13 CurlyBrace the Grasshopper (level 2, -3/13 HPs)
             Began as a Felid Warper on Jan 14, 2021.
             Slain by an adder (5 damage)
             ... on level 3 of the Dungeon.
             The game lasted 00:01:18 (154 turns).

CurlyBrace the Grasshopper (Felid Warper)            Turns: 154, Time: 00:01:18

Health: -3/13      AC:  1    Str:  7    XL:     2   Next: 24%
Magic:  6/6        EV: 18    Int: 14    God:
Gold:   21         SH:  0    Dex: 15    Spells: 3/5 levels left
                                        Lives:  0   Deaths: 0

rFire    + . .     SeeInvis +     - Unarmed
rCold    + . .     Faith    .   (shield unavailable)
rNeg     . . .     Spirit   .   (armour unavailable)
rPois    +         Reflect  .   (helmet unavailable)
rElec    +         Harm     .   (cloak unavailable)
rCorr    +         Rampage  .   (gloves unavailable)
Will     .....                  (boots unavailable)
Stlth    ++........             (no amulet)
HPRegen  0.04/turn              (no ring)
MPRegen  0.10/turn              (no ring)

@: resistant, quick
A: very small, no armour, no weapons or thrown items, stealth, claws 1, fangs 3,
see invisible, speed 1, shaggy fur 1, sharp paws
a: no special abilities


You were on level 3 of the Dungeon.
You visited 1 branch of the dungeon, and saw 3 of its levels.

You collected 21 gold pieces.

Inventory:

Scrolls
 x - 2 scrolls of remove curse
 z - a scroll of blinking


   Skills:
 - Level 2.0 Fighting
 - Level 3.2 Dodging
 + Level 1.4 Stealth
 * Level 2.7 Unarmed Combat
 - Level 2.0 Spellcasting
 - Level 4.4 Translocations


You had 3 spell levels left.
You knew the following spells:

 Your Spells              Type           Power        Failure   Level
a - Blink                 Tloc           N/A          6%          2

Your spell library contained the following spells:

 Spells                   Type           Power        Failure   Level
 Gell's Gravitas          Tloc           6%           12%         3
 Lesser Beckoning         Tloc           6%           12%         3
 Teleport Other           Tloc           13%          12%         3
 Passage of Golubria      Tloc           N/A          36%         4


Dungeon Overview and Level Annotations

Branches:
Dungeon (3/15)

Altars:


Innate Abilities, Weirdness & Mutations

You cannot wear armour.
You are incapable of wielding weapons or throwing items.
Your paws allow you to move quietly. (Stealth)
You have sharp claws.
You have razor-sharp teeth.
You have supernaturally acute eyesight. (SInv)
You cover ground quickly.
You are covered in fur. (AC +1)
Your sharp claws are effective at attacking unaware monsters.


Message History

It was a potion of resistance.
You feel protected. The adder barely misses you.
You closely miss the adder. You bite the adder.
The adder is lightly wounded.
The adder bites you.
You scratch the adder. Your bite misses the adder.
The adder is moderately wounded.
The adder barely misses you.
You closely miss the adder.
The adder is moderately wounded.
The adder bites you.
You scratch the adder. Your bite misses the adder.
The adder is severely wounded.
The adder closely misses you. The adder bites you.
* * * LOW HITPOINT WARNING * * *
You barely miss the adder.
The adder is severely wounded.
The adder bites you.
You die...

#.....# #
###.....##.#
#.....<....#
#.#.....####
#.....#
#####g# #.#
#S# #@# #.#
#.# #.# #.#
#.# ..# ###


You could see an adder and a hobgoblin.

Vanquished Creatures
  An adder (D:2)
  A bat (D:2)
  A hobgoblin (D:1)
  A ball python (D:1)
  A frilled lizard (D:1)
5 creatures vanquished.

Notes
Turn   | Place    | Note
-------+----------+-------------------------------------------
     0 | D:1      | CurlyBrace the Felid Warper began the quest for the Orb.
     0 | D:1      | Reached XP level 1. HP: 9/9 MP: 4/4
    70 | D:1      | You fall into a shaft and drop 1 floor!
    81 | D:2      | Reached skill level 1 in Stealth
    81 | D:2      | Reached XP level 2. HP: 13/13 MP: 6/6
   137 | D:2      | Learned a level 2 spell: Blink
   154 | D:3      | Slain by an adder

Illustrated notes

Levels and vault maps discovered:
D:1:      nicolae_arrival_washed_ashore, layout_loops_ring
D:2:      layout_basic, lemuel_altar_in_water, uniq_sigmund
D:3:      layout_loops_ring, ebering_ghost_sewer_d

Skill      XL: |  1 |
---------------+----+-----
Stealth        | 1 |  1.4
Fighting       | |  2.0
Dodging        | |  3.2
Unarmed Combat | |  2.7
Spellcasting   | |  2.0
Translocations | |  4.4

Action                   || total
-------------------------++-------
Melee: Unarmed           ||    18
       Bite              ||     2
  Use: Scroll            ||     3
       Potion            ||     3
 Stab: Sleeping          ||     1
Dodge: Dodged            ||     9
